 Seeded DCSS version 0.29.1-12-g30fa7ad0bf (webtiles) character file.

Game seed: 20230106 (custom seed)

59 stormannn the Firebug (level 4, 0/36 HPs)
             Began as a Tengu Fire Elementalist on Jan 6, 2023.
             Slain by a gnoll
             ... wielding a +0 whip
              (1 damage)
             ... on level 2 of the Dungeon.
             The game lasted 00:03:57 (1815 turns).

stormannn the Firebug (Tengu Fire Elementalist)     Turns: 1815, Time: 00:03:57

Health: 0/36       AC: 22    Str:  9    XL:     4   Next: 3%
Magic:  2/9        EV:  2    Int: 17    God:
Gold:   71         SH:  0    Dex: 14    Spells: 8/9 levels left

rFire   . . .      SeeInvis .   (no weapon)
rCold   . . .      Faith    .   m - orb {mayhem}
rNeg    . . .      Spirit   .   (body armour currently unavailable)
rPois   +          Reflect  .   (helmet currently unavailable)
rElec   .          Harm     .   (cloak currently unavailable)
rCorr   .          Rampage  .   (gloves currently unavailable)
Will    .....      NoTele   +   (boots unavailable)
Stlth   ++........              (no amulet)
HPRegen 0.12/turn               k - ring of ice
MPRegen 0.11/turn               l - ring of fire

@: mighty, tree-form, attractive, hasted, invisible, very quick
A: stationary, stasis, torment immunity, boosted hp, (beak), (talons 3)
a: no special abilities


You were on level 2 of the Dungeon.
You were a tree.
You visited 1 branch of the dungeon, and saw 2 of its levels.

You collected 71 gold pieces.

Inventory:

Missiles
 f - 35 stones (quivered)
 g - 6 silver javelins
 o - 3 poisoned darts
Armour
 a - a +0 robe (melded)
 e - a +0 pair of gloves (melded)
 m - an orb of mayhem (worn)
Jewellery
 k - a ring of ice (left branch)
 l - a ring of fire (right branch)
Scrolls
 h - 2 scrolls of blinking {unknown}
 q - a scroll of teleportation {unknown}
Potions
 b - a potion of magic


   Skills:
 - Level 2.1 Dodging
 - Level 2.0 Stealth
 * Level 3.1 Spellcasting
 + Level 2.7 Conjurations
 + Level 3.8 Fire Magic


You had 8 spell levels left.
You knew the following spells:

 Your Spells              Type           Power      Damage    Failure   Level
a - Foxfire               Conj/Fire      80%        2x1d8     4%          1

Your spell library contained the following spells:

 Spells                   Type           Power      Damage    Failure   Level
 Scorch                   Fire           46%        2d7       5%          2
 Conjure Flame            Conj/Fire      20%        6-21      14%         3
 Inner Flame              Hex/Fire       13%        N/A       24%         3
 Flame Wave               Conj/Fire      20%        2d7       41%         4


Dungeon Overview and Level Annotations

Branches:
Dungeon (2/15)

Altars:

Shops:
D:1 (


Innate Abilities, Weirdness & Mutations

You are a tree.
Your roots penetrate the ground, keeping you stationary.
You cannot be teleported.
You are immune to unholy pain and torment.
Your maximum health is greatly increased.
Your equipment is partially melded.
((You have a beak for a mouth.))
((You have claws for feet.))


Message History

Okay, then.
Okay, then.
It was a potion of attraction.
You feel attractive to monsters. The gnoll completely misses you.
Okay, then.
It was a potion of lignification.
You turn into a tree.
Your +0 pair of gloves melds into your body.
Your +0 robe melds into your body.
Your roots penetrate the ground.
The gnoll hits you but does no damage. x2; The worm is attracted toward you.
Casting: Foxfire (safe; 4% risk of failure)
Confirm with . or Enter, or press ? or * to list all spells.
You feel a surge of power!
You conjure some foxfire!
The gnoll hits you but does no damage.
The gnoll hits you with a +2 flail of protection.
* * * LOW HITPOINT WARNING * * *
The gnoll hits you with a +0 whip.
* * * LOW HITPOINT WARNING * * *
You hit the gnoll.
The gnoll is severely wounded.
The foxfire hits the gnoll!
The gnoll is heavily wounded.
The foxfire hits the gnoll.
The gnoll is severely wounded.
The gnoll hits you but does no damage.
The gnoll hits you with a +2 flail of protection.
* * * LOW HITPOINT WARNING * * *
The gnoll hits you but does no damage.
It was a potion of might.
You feel very mighty all of a sudden. The gnoll barely misses you.
The gnoll hits you with a +2 flail of protection.
* * * LOW HITPOINT WARNING * * *
The gnoll hits you but does no damage.
It was a potion of invisibility.
You fade into invisibility!
The gnoll hits you but does no damage. x3
It was a potion of haste.
You feel yourself speed up. The gnoll hits you with a +0 whip.
You die...

.#.#.# #.# #.# .#.#.###.#
#.# .#.#...#.# #.#
.#.###.#># ###.###
.........# #.....#
.........# ##.###.# .
#..##.#.## ####..# #.# ...
#....###)###.....###.#.....
......#...†.....♣gw..)......
#.......####....gg#.##......
##..##### #..##.##.# #.[...
##.# #..#####.# #.... #.#
#..# #.# #... #.# #... ..#
... #.# ##.#. ..# .# ..# .#.
#.# ###


You could see a worm (unable to see you) and 3 gnolls.

Vanquished Creatures
  A gnoll (D:2)
  2 adders (D:2)
  A worm (D:2)
  2 ball pythons
  An endoplasm (D:1)
  3 goblins
  2 hobgoblins (D:1)
  2 jackals (D:1)
  2 quokkas
  5 bats (D:1)
  A frilled lizard (D:1)
  2 kobolds (D:1)
  3 rats (D:1)
27 creatures vanquished.

Vanquished Creatures (collateral kills)
  A hobgoblin (D:1)
1 creature vanquished.

Vanquished Creatures (others)
  86 foxfires
86 creatures vanquished.

Grand Total: 114 creatures vanquished

Notes
Turn   | Place    | Note
-------+----------+-------------------------------------------
     0 | D:1      | stormannn the Tengu Fire Elementalist began the quest for
                  | the Orb.
     0 | D:1      | Reached XP level 1. HP: 10/10 MP: 4/4
   649 | D:1      | Reached XP level 2. HP: 15/15 MP: 3/6
  1055 | D:1      | Found Yppos's Weapon Shop.
  1376 | D:1      | Reached XP level 3. HP: 19/19 MP: 5/7
  1632 | D:2      | Found a faded altar of an unknown god.
  1801 | D:2      | Reached XP level 4. HP: 24/24 MP: 3/9
  1813 | D:2      | HP: 1/36 [gnoll/+2 flail of protection (2)]
  1815 | D:2      | Slain by a gnoll

Illustrated notes

Levels and vault maps discovered:
D:1:      dpeg_arrival_stone_temple_mockup, layout_basic, serial_shops,
          nicolae_shop_statue_plus, corner_web_ring, minmay_pentomino_t2
D:2:      layout_loops_corners, hellmonk_ecumenical_altar_pennies_from_heaven

Skill      XL: |  1  2  3 |
---------------+----------+-----
Conjurations   | 2 |  2.7
Spellcasting   | 3 |  3.1
Dodging        | |  2.1
Stealth        | |  2.0
Fire Magic     | |  3.8

Action                   |  1- 3 |  4- 6 || total
-------------------------+-------+-------++-------
Melee: Unarmed           |    10 |     1 ||    11
       Kick              |     3 |       ||     3
       Peck              |     2 |       ||     2
 Cast: Foxfire           |    46 |     3 ||    49
  Use: Scroll            |     1 |       ||     1
       Potion            |       |     6 ||     6
Armor: Robe              |     5 |       ||     5
       Skin              |       |     9 ||     9
Dodge: Dodged            |    11 |     5 ||    16
